 Dungeon Crawl Stone Soup version 0.19.0-22-gd96e5fe (webtiles) character file.

109 mmcf the Chopper (level 4, 0/40 HPs)
             Began as a Minotaur Berserker on Nov 19, 2016.
             Was a Priest of Trog.
             Slain by Sigmund
             ... wielding a cursed -1 scythe
              (14 damage)
             ... on level 2 of the Dungeon.
             The game lasted 00:02:18 (1816 turns).

mmcf the Chopper (Minotaur Berserker)               Turns: 1816, Time: 00:02:19

Health: 0/40       AC:  5    Str: 21    XL:     4   Next: 60%
Magic:  3/3        EV: 12    Int:  4    God:    Trog [***...]
Gold:   64         SH:  0    Dex: 11    Spells: 0 memorised, 3 levels left

rFire  . . .     SeeInvis .     p - +0 war axe
rCold  . . .     Gourm    .     f - +0 ring mail
rNeg   . . .     Faith    .     (no shield)
rPois  .         Spirit   .     (helmet restricted)
rElec  .         Reflect  .     (no cloak)
rCorr  .         Harm     .     (no gloves)
MR     .....                    (no boots)
Stlth  +.........               (no amulet)
                                (no ring)
                                (no ring)

@: no status effects
A: retaliatory headbutt, horns 2
a: Berserk, Trog's Hand, Burn Spellbooks, Renounce Religion


You were on level 2 of the Dungeon.
You worshipped Trog.
Trog was most pleased with you.
You were not hungry.

You visited 1 branch of the dungeon, and saw 3 of its levels.

You collected 64 gold pieces.

Inventory:

Hand Weapons
 k - a +0 hunting sling
 p - a +0 war axe (weapon)
Missiles
 m - 54 stones (quivered)
Armour
 b - a +0 animal skin
 f - a +0 ring mail (worn)
Scrolls
 d - a scroll of fear {unknown}
 e - a scroll of immolation {unknown}
 g - a scroll of remove curse {unknown}
 h - a scroll of blinking {unknown}
 j - 4 scrolls of identify {unknown}
Potions
 i - a potion of flight {unknown}
 n - 2 potions of might {unknown}
Comestibles
 c - a bread ration
 l - a meat ration
 o - a chunk of flesh


   Skills:
 + Level 4.3 Fighting
 * Level 4.8 Axes
 + Level 3.7 Armour
 + Level 3.0 Dodging


You had 3 spell levels left.
You didn't know any spells.

Dungeon Overview and Level Annotations

Branches:
Dungeon (3/15)

Altars:

Annotations:
D:2 Sigmund


Innate Abilities, Weirdness & Mutations

You reflexively headbutt those who attack you in melee.
You have a pair of horns on your head.


Message History

The puff of flame hits you! The rat barely misses you.
Sigmund mumbles some strange words.
Sigmund flickers and vanishes!
Deactivating autopickup; reactivate with Ctrl-A.
You are too confused!
You are too confused!
You're too confused to move!
The rat misses you. Something hits you!
You bump into the rock wall.
The rat bites you.
You feel less confused. Something hits you. The rat closely misses you.
You see here a bat corpse.
You are confused.
The rat misses you.
You bump into the rock wall.
Something hits you. The rat barely misses you. The rat barely misses you.
You feel less confused. Something hits you. The rat closely misses you.
The rat misses you. Something hits you!
You die...

#.##†###### #######.##.#######
#.................
#.##.##........###
######.##.##...###..###
..........##...# ..... #####
#.##.#.........###..##.# #....
..##.#.##.##...r.....#.# #.###
## #.#.....(....@....#.# #.###
####.#.##.##.####.##.#.# #.##.
...>.#.##.##.# #......# #.##.
######.......# ###...## #.##.
...........# #...# ####....
.#..##....######...####.......
.#..##.#..##...........(####..
.........................# #..
..#..###.#.##...........##
##..


You could see a rat.

Vanquished Creatures
  Robin (D:2)
  A gnoll (D:1)
  An adder (D:1)
  An ooze (D:2)
  2 worms (D:2)
  A dart slug (D:2)
  2 leopard geckos (D:1)
  7 bats
  2 giant cockroaches (D:1)
  16 goblins
  7 hobgoblins
  A ball python (D:1)
  9 frilled lizards
  7 kobolds
  5 rats
63 creatures vanquished.

Notes
Turn   | Place    | Note
-------+----------+-------------------------------------------
     0 | D:1      | mmcf the Minotaur Berserker began the quest for the Orb.
     0 | D:1      | Reached XP level 1. HP: 19/19 MP: 0/0
   239 | D:1      | Reached XP level 2. HP: 27/27 MP: 1/1
   626 | D:1      | Reached XP level 3. HP: 33/33 MP: 2/2
   842 | D:1      | Reached ** piety under Trog
  1250 | D:2      | Reached XP level 4. HP: 32/40 MP: 3/3
  1264 | D:2      | Noticed Robin
  1287 | D:2      | Killed Robin
  1755 | D:2      | Reached *** piety under Trog
  1795 | D:2      | Noticed Sigmund
  1816 | D:2      | Slain by Sigmund

Skill      XL: |  1  2  3  4 |
---------------+-------------+-----
Axes           | 4 |  4.8
Armour         | 3 |  3.7
Fighting       | 4 |  4.3
Dodging        | 3 |  3.0

Action                   |  1- 3 |  4- 6 || total
-------------------------+-------+-------++-------
Melee: Hand axe          |    84 |    30 ||   114
       Headbutt          |     9 |     6 ||    15
       War axe           |       |     8 ||     8
  Eat: Chunk             |     1 |     2 ||     3
Armor: Animal skin       |     2 |       ||     2
       Ring mail         |    36 |    11 ||    47
Dodge: Dodged            |    82 |    29 ||   111
